 Dungeon Crawl Stone Soup version 0.28.0-53-g5a82cb258f (webtiles) character file.

Game seed: 10217663991376922465

7 Descartes the Sneak (level 1, 0/9 HPs)
             Began as a Spriggan Enchanter on Aug 20, 2022.
             Constricted to death by a ball python (1 damage)
             ... on level 1 of the Dungeon.
             The game lasted 00:00:34 (75 turns).

Descartes the Sneak (Spriggan Enchanter)              Turns: 75, Time: 00:00:34

Health: 0/9        AC:  2    Str:  4    XL:     1   Next: 83%
Magic:  5/5        EV: 14    Int: 16    God:
Gold:   19         SH:  0    Dex: 15    Spells: 5/5 levels left

rFire   . . .      SeeInvis +   a - +1 dagger
rCold   . . .      Faith    .   (no shield)
rNeg    . . .      Spirit   .   b - +0 robe
rPois   .          Reflect  .   (helmet restricted)
rElec   .          Harm     .   (no cloak)
rCorr   .          Rampage  .   (gloves unavailable)
Will    .....                   (boots unavailable)
Stlth   +++.......              (no amulet)
HPRegen 0.03/turn               (no ring)
MPRegen 0.09/turn               (no ring)

@: constricted, very quick
A: very small, no large weapons, unfitting armour, see invisible, speed 3
a: no special abilities


You were on level 1 of the Dungeon.
You visited 1 branch of the dungeon, and saw 1 of its levels.

You collected 19 gold pieces.

Inventory:

Hand Weapons
 a - a +1 dagger (weapon)
Armour
 b - a +0 robe (worn)
Potions
 c - a potion of invisibility


   Skills:
 * Level 1.4 Short Blades
 * Level 3.0 Dodging
 * Level 4.6 Stealth
 + Level 2.7 Spellcasting
 + Level 3.7 Hexes


You had 5 spell levels left.
You didn't know any spells.
Your spell library contained the following spells:

 Spells                   Type           Power      Damage    Failure   Level
 Confusing Touch          Hex            14%        N/A       13%         3
 Tukima's Dance           Hex            14%        N/A       13%         3
 Ensorcelled Hibernation  Hex/Ice        16%        N/A       14%         2
 Dazzling Flash           Conj/Hex       16%        N/A       26%         3


Dungeon Overview and Level Annotations

Branches:
Dungeon (1/15)

Altars:


Innate Abilities, Weirdness & Mutations

You are very small and have problems with some larger weapons.
You are too small for most types of armour.
You have supernaturally acute eyesight. (SInv)
You cover ground extremely quickly. (Speed+++)


Message History

Found a stone staircase leading down.
The jackal barks!
You hear an angry hiss.
The jackal misses you.
You hit the jackal.
The jackal is heavily wounded.
The jackal misses you.
You hit the jackal.
The jackal is almost dead.
The jackal completely misses you.
You hit the jackal.
You kill the jackal!
The jackal misses you.
The hobgoblin hits you but does no damage.
The jackal bites you.
You hit the hobgoblin.
The hobgoblin is heavily wounded.
A ball python comes into view.
The jackal barely misses you. The jackal misses you. The hobgoblin misses you.
You hit the hobgoblin.
The hobgoblin is almost dead.
The jackal misses you.
A jackal comes into view.
The jackal barely misses you. The hobgoblin completely misses you.
The jackal bites you but does no damage.
You hit the hobgoblin but do no damage.
The hobgoblin is almost dead.
The jackal bites you. x2; The hobgoblin misses you.
You closely miss the hobgoblin.
The hobgoblin is almost dead.
The jackal misses you. The jackal completely misses you.
The jackal closely misses you. The hobgoblin closely misses you.
You closely miss the hobgoblin. You punch the hobgoblin.
You kill the hobgoblin!
The jackal barely misses you. The jackal misses you.
Your Dodging skill increases to level 3!
You hit the jackal but do no damage. The jackal bites you.
The ball python bites you.
* * * LOW HITPOINT WARNING * * *
The ball python grabs you. The ball python constricts you.
You die...

.. .# #... #...##
#.....#####....#
#.#........##.#..##
#.#.......!##.#...#
#.#..#.....##.#...#
###.............hh..####
................@Sh.....
......##........##...###
......##.........# ...#
..##.....(.......# ..#
..##..##.........# >#
......###.#...##.# #
......# #..........
..............#..###
...##.....#.......


You could see 3 jackals and a ball python.

Vanquished Creatures
  A ball python (D:1)
  A bat (D:1)
  A goblin (D:1)
  A hobgoblin (D:1)
  A jackal (D:1)
5 creatures vanquished.

Notes
Turn   | Place    | Note
-------+----------+-------------------------------------------
     0 | D:1      | Descartes the Spriggan Enchanter began the quest for the
                  | Orb.
     0 | D:1      | Reached XP level 1. HP: 9/9 MP: 5/5
     4 | D:1      | Found a faded altar of an unknown god.
    75 | D:1      | Constricted to death by a ball python

Illustrated notes

Levels and vault maps discovered:
D:1:      tarquinn_simple_flora_water_c, layout_basic, basic_ecumenical_altar,
          minmay_misc_feat_rows

Skill      XL: |  1 |
---------------+----+-----
Dodging        | 3 |  3.0
Short Blades   | |  1.4
Stealth        | |  4.6
Spellcasting   | |  2.7
Hexes          | |  3.7

Action                   || total
-------------------------++-------
Melee: Dagger            ||    14
       Punch             ||     2
 Stab: Sleeping          ||     2
Armor: Robe              ||     2
Dodge: Dodged            ||    19
